 Dungeon Crawl Stone Soup version 0.18.1-50-g88ac8fd (webtiles) character file.

23 varam the Vexing (level 2, 23/23 HPs)
             Began as a Centaur Arcane Marksman on Oct 20, 2016.
             Quit the game on level 1 of the Dungeon.
             The game lasted 00:03:41 (1345 turns).

varam the Vexing (Centaur Arcane Marksman)          Turns: 1345, Time: 00:03:42

Health: 23/23      AC:  4    Str: 13    XL:     2   Next: 72%
Magic:  12/12      EV:  9    Int: 12    God:
Gold:   29         SH:  0    Dex:  8    Spells: 1 memorised, 2 levels left

rFire  . . .     SeeInvis .     a - +0 hand crossbow
rCold  . . .     Gourm    .     q - +0 robe {MR+}
rNeg   . . .     Faith    .     (no shield)
rPois  .         Spirit   .     (no helmet)
rElec  .         Dismiss  .     (no cloak)
rCorr  .         Reflect  .     (no gloves)
SustAt .         Harm     .     (no barding)
MR     +....                    (no amulet)
Stlth  +.........               (no ring)
                                o - ring of magical power

@: very quick, somewhat resistant to hostile enchantments, very unstealthy
A: hooves 3, deformed body, speed 2, tough skin 3
a: no special abilities


You were on level 1 of the Dungeon.
You were very hungry.

You visited 1 branch of the dungeon, and saw 2 of its levels.

You collected 29 gold pieces.

Inventory:

Hand Weapons
 a - a +0 hand crossbow (weapon)
 l - a +0 club
Missiles
 d - 5 bolts (quivered)
Armour
 q - a +0 robe of magic resistance (worn)
Jewellery
 o - a ring of magical power (left hand)
Scrolls
 e - 2 scrolls of remove curse {unknown}
 h - a scroll of amnesia {unknown}
 j - a scroll of fear {unknown}
 m - a scroll of teleportation {unknown}
 n - a scroll of enchant armour {unknown}
Potions
 p - a potion of cure mutation {unknown}
Books
 c - a book of Debilitation

   Spells                             Type                      Level
   a - Corona                         Hexes                        1
   b - Slow                           Hexes                        2
   c - Gell's Gravitas                Hexes/Translocation          3
   d - Inner Flame                    Hexes/Fire                   3
   e - Cause Fear                     Hexes                        4
   f - Leda's Liquefaction            Hexes/Earth                  4
Comestibles
 f - a bread ration
 g - a beef jerky
 k - a royal jelly


   Skills:
 - Level 1.0 Fighting
 + Level 2.9 Crossbows
 - Level 1.3 Dodging
 - Level 1.0 Spellcasting
 + Level 3.2 Hexes


You had 2 spell levels left.
You knew the following spells:

 Your Spells              Type           Power        Failure   Level  Hunger
a - Corona                Hex            #......      10%         1    ##.....


Dungeon Overview and Level Annotations

Branches:
Dungeon (2/15)

Altars:
Trog


Innate Abilities, Weirdness & Mutations

You have hooves in place of feet.
Armour fits poorly on your strangely shaped body.
You cover ground very quickly.
You have extremely tough skin (AC +3).


Message History

The adder barely misses you. The adder bites you.
The hobgoblin hits you but does no damage.
You are too injured to fight recklessly!
You see here a club.
There is a stone staircase leading up, spattered with blood here.
You climb upwards.
There is a stone staircase leading down here.
You start resting.
You are feeling very hungry.
You start resting.
HP restored.
You start waiting.
A kobold comes up the stairs.
Firing (i - inventory):
d - 5 bolts (quivered)
Press: ? - help, Shift-Dir - straight line, f - kobold
Aim: a kobold (hasn't noticed you)
You shoot a bolt. The bolt hits the kobold.
You kill the kobold!
d - 5 bolts (gained 1) Are you sure you want to abandon this character and quit the game? (Confirm with "yes".)

###.....####.#
#...#...# #.# ......###
#.# ### ......# #.# #.#
.....รท# ###.#######.#
......####...##......#
......(....(.....######
......##.......#>.....#
......##.......#@.....#
......##..)....#......#
###.#.........##......#
###.####.........##.###
....####...(...####.#
#####.(.(......# ##.#
#####.###......###..#
......##.....#.#....##
###..###.####....##..##


There were no monsters in sight!

Vanquished Creatures
  An ooze (D:1)
  A bat (D:1)
  6 hobgoblins
  2 giant newts (D:1)
  6 kobolds (D:1)
  4 rats (D:1)
20 creatures vanquished.

Notes
Turn   | Place    | Note
--------------------------------------------------------------
     0 | D:1      | varam the Centaur Arcane Marksman began the quest for the Orb.
     0 | D:1      | Reached XP level 1. HP: 16/16 MP: 2/2
   329 | D:1      | Reached skill level 3 in Hexes
   334 | D:1      | Reached XP level 2. HP: 23/23 MP: 1/3
  1036 | D:2      | Found a bloodstained altar of Trog.
  1345 | D:1      | Quit the game

Skill      XL: |  1 |
---------------+----+-----
Hexes          | 3 |  3.2
Fighting       | |  1.0
Crossbows      | |  2.9
Dodging        | |  1.3
Spellcasting   | |  1.0

Action                   || total
-------------------------++-------
Melee: Club              ||     2
       Kick              ||     1
 Fire: Hand crossbow     ||    50
 Cast: Corona            ||    11
Armor: Robe              ||    12
Dodge: Dodged            ||     7
